 Dungeon Crawl Stone Soup version 0.17.1-1-g73c8601 (webtiles) character file.

45 Grim the Ruffian (level 3, -4/29 HPs)
             Began as a Ghoul Warper on Jan 8, 2016.
             Slain by a hound (5 damage)
             ... on level 2 of the Dungeon.
             The game lasted 00:03:18 (1549 turns).

Grim the Ruffian (Ghoul Warper)                     Turns: 1549, Time: 00:03:19

Health: -4/29      AC:  3    Str: 19    XL:     3   Next: 64%
Magic:  4/4        EV: 11    Int: 13    God:
Gold:   41         SH:  0    Dex:  9    Spells: 1 memorised, 4 levels left

rFire  . . .     SeeInvis .       - Unarmed
rCold  + . .     Clarity  .     a - +0 leather armour
rNeg   + + +     SustAt   .     (no shield)
rPois  ∞         Gourm    .     (no helmet)
rElec  .         Spirit   .     (no cloak)
rCorr  .         Warding  .     (no gloves)
rMut   .         Stasis   .     (no boots)
MR     .....                    (no amulet)
Stlth  +.........               (no ring)
                                (no ring)

@: mighty, brilliant, rotting, not resistant to hostile enchantments, very
unstealthy
A: rotting body, claws 1, carnivore 3, cold resistance 1, negative energy
resistance 3, slow regeneration 1, torment resistance, unbreathing
a: no special abilities


You were on level 2 of the Dungeon.
You were not hungry.

You visited 1 branch of the dungeon, and saw 2 of its levels.

You collected 41 gold pieces.

Inventory:

Missiles
 d - 5 tomahawks of dispersal (quivered)
 j - 5 silver javelins
 p - a throwing net
Armour
 a - a +0 leather armour (worn)
Jewellery
 g - an uncursed ring of protection from cold {unknown}
 k - an uncursed ring of protection from fire {unknown}
Scrolls
 c - a scroll of blinking
 f - a scroll of recharging {unknown}
 h - 3 scrolls of remove curse {unknown}
 l - a scroll of enchant armour {unknown}
 q - 2 scrolls of identify {unknown}
 r - a scroll of magic mapping {unknown}
Potions
 o - a potion of haste {unknown}
Books
 b - a book of Spatial Translocations

   Spells                             Type                      Level
   a - Apportation                    Translocation                1
   b - Blink                          Translocation                2
   c - Shroud of Golubria             Charms/Translocation         2
   d - Portal Projectile              Translocation                3
   e - Teleport Other                 Translocation                3
   f - Passage of Golubria            Translocation                4
Comestibles
 e - a meat ration
 m - 10 chunks of flesh


   Skills:
 - Level 2.1 Fighting
 - Level 0.8 Throwing
 - Level 0.8 Armour
 - Level 1.7 Dodging
 + Level 4.2 Unarmed Combat
 - Level 1.7 Spellcasting
 * Level 2.6 Translocations


You had 4 spell levels left.
You knew the following spells:

 Your Spells              Type           Power        Failure   Level  Hunger
a - Apportation           Tloc           ###.......   1%          1    ##.....


Dungeon Overview and Level Annotations

Branches:
Dungeon (2/15)

Altars:
Makhleb


Innate Abilities, Weirdness & Mutations

Your body is rotting away.
You thrive on raw meat.
You are immune to poison.
You have sharp fingernails.
You are carnivorous and can eat meat at any time.
Your flesh is cold resistant.
You are immune to negative energy.
You regenerate slowly when monsters are visible.
You are immune to unholy pain and torment.
You can survive without breathing.


Message History

You scratch the hound.
The hound is heavily wounded.
The hound barely misses you. The giant gecko barely misses you.
The hound bites you but does no damage.
You closely miss the hound.
The hound is heavily wounded.
The hound bites you.
* * * LOW HITPOINT WARNING * * *
The giant gecko barely misses you.
Drink which item? (? for menu, Esc to quit)
It was a potion of brilliance.
You feel clever all of a sudden. The hound bites you but does no damage.
The giant gecko misses you. The hound barely misses you.
Drink which item? (? for menu, Esc to quit)
It was a potion of might.
You feel very mighty all of a sudden.
The giant gecko bites you but does no damage.
The hound bites you.
You die...

#.# # #÷#######
######.......#
#....#..####..
##.......#
##....##.......
##....####.#####
##...### ....
##@.### #.###
#lh## #.. ##..#
## ##... ##.._
#..# ###


You could see a hound and a giant gecko.

Vanquished Creatures
  An adder (D:2)
  An ooze (D:1)
  4 hobgoblins (D:1)
  2 jackals (D:1)
  2 kobolds
  4 bats (D:1)
  2 giant cockroaches (D:1)
  A giant newt (D:2)
  10 goblins
  4 rats
31 creatures vanquished.

Notes
Turn   | Place    | Note
--------------------------------------------------------------
     0 | D:1      | Grim the Ghoul Warper began the quest for the Orb.
     0 | D:1      | Reached XP level 1. HP: 17/17 MP: 2/2
   168 | D:1      | Reached XP level 2. HP: 2/24 MP: 3/3
   311 | D:1      | Reached skill level 3 in Unarmed Combat
   839 | D:1      | Reached XP level 3. HP: 24/28 MP: 4/4
  1164 | D:2      | Reached skill level 4 in Unarmed Combat
  1532 | D:2      | Found a burning altar of Makhleb.
  1547 | D:2      | HP: 1/29 [hound (1)]
  1549 | D:2      | Slain by a hound

Action                   || total
-------------------------++-------
Melee: Unarmed           ||   111
  Use: Potion            ||     2
  Eat: Chunk             ||    12
